 Dungeon Crawl Stone Soup version 0.31.0-9-g3a7656b989 (webtiles) character file.

Game seed: 4047514396003434067

1754 Ritchie the Cleaver (level 8, -6/71 HPs)
             Began as a Minotaur Fighter on Jan 26, 2024.
             Was an Initiate of Ashenzari.
             Mangled by a two-headed ogre
             ... wielding a +0 giant club
              (23 damage)
             ... on level 7 of the Dungeon.
             The game lasted 00:41:49 (4371 turns).

Ritchie the Cleaver (Minotaur Fighter)              Turns: 4371, Time: 00:41:50

Health: -6/71      AC: 10    Str: 26    XL:     8   Next: 78%
Magic:  7/7        EV: 11    Int: 11    God:    Ashenzari [......]
Gold:   249        SH:  5    Dex: 13    Spells: 7/7 levels left

rFire   . . .        G - +3 trident
rCold   + . .        c - +0 buckler
rNeg    . . .        D - +1 scale mail {rC+}
rPois   .            (helmet restricted)
rElec   .            (no cloak)
rCorr   .            l - +0 pair of gloves
SInv    .            (no boots)
Will    .....        x - amulet of regeneration Stlth
                     w - +6 ring of strength
HPRegen 1.11/turn    v - +6 ring of intelligence
MPRegen 0.10/turn

%: no passive effects
@: no status effects
A: horns 2, retaliatory headbutt
a: Renounce Religion, Curse Item


You were on level 7 of the Dungeon.
You worshipped Ashenzari.
Ashenzari was noncommittal.
You visited 2 branches of the dungeon, and saw 8 of its levels.

You collected 249 gold pieces.

Inventory:

Hand Weapons
 a - a +0 war axe
 h - a +2 whip of venom
 j - a +1 dagger of speed
 m - a +2 dagger of venom
 q - a +0 antimagic dagger
 t - a +0 great sword
 F - a +0 dagger of distortion
 G - a +3 trident (weapon)
Missiles
 i - 43 stones (quivered)
 p - 9 poisoned darts
 u - 11 boomerangs
Armour
 b - a +0 scale mail
 c - a +0 buckler (worn)
 l - a +0 pair of gloves (worn)
 C - a +2 leather armour of fire resistance
 D - a +1 scale mail of cold resistance (worn)
Jewellery
 v - a +6 ring of intelligence (right hand)
 w - a +6 ring of strength (left hand)
 x - an amulet of regeneration (around neck)
 H - a ring of see invisible
Wands
 s - a wand of paralysis (7)
 y - a wand of polymorph (4)
 A - a wand of iceblast (8)
Scrolls
 e - a scroll of fog {unknown}
 f - a scroll of torment {unknown}
 k - a scroll of identify
 o - a scroll of enchant weapon {unknown}
 r - a scroll of blinking {unknown}
 B - 3 scrolls of teleportation {unknown}
Potions
 d - 2 potions of might
 g - a potion of haste
 n - a potion of enlightenment {unknown}
 z - a potion of lignification {unknown}


   Skills:
 + Level 6.8 Fighting
 + Level 9.6 Axes
 + Level 0.5(6.0) Polearms
 + Level 7.1 Armour
 + Level 3.1 Dodging
 + Level 0.5 Stealth
 + Level 4.8 Shields


You had 7 spell levels left.
You didn't know any spells.
Your spell library contained the following spells:

 Spells                   Type           Power      Damage    Failure   Level
 Necrotise                Necr           0%         1d4       65%         1
 Fugue of the Fallen      Necr           0%         N/A       95%         3
 Gell's Gravitas          Tloc           0%         N/A       95%         3
 Ozocubu's Armour         Ice            0%         N/A       95%         3
 Teleport Other           Tloc           0%         N/A       95%         3
 Vampiric Draining        Necr           0%         2d6       95%         3
 Manifold Assault         Tloc           0%         N/A       100%        4
 Martyr's Knell           Necr/Summ      0%         N/A       100%        4
 Passage of Golubria      Tloc           0%         N/A       100%        4
 Curse of Agony           Necr           0%         N/A       100%        5
 Silence                  Hex/Air        0%         N/A       100%        5
 Dispersal                Tloc           0%         N/A       100%        6
 Lehudib's Crystal Spear  Conj/Erth      0%         10d2      100%        8


Dungeon Overview and Level Annotations

Branches:
Dungeon (7/15)             Temple (1/1) D:4

Altars:
Ashenzari
Cheibriados
Elyvilon
Fedhas
Gozag
Hepliaklqana
Kikubaaqudgha
Makhleb
Nemelex Xobeh
Okawaru
Ru
Uskayaw
Vehumet
Xom
Yredelemnul
Zin
The Shining One


Innate Abilities, Weirdness & Mutations

You have a pair of horns on your head.
You reflexively headbutt those who attack you in melee.


Message History

The electric eel shoots out a bolt of lightning at you!
The bolt of electricity misses you.
A two-headed ogre comes into view. It is wielding two +0 giant clubs.
You puncture the orc!
You kill the orc!
The electric eel shoots out a bolt of lightning at you!
The bolt of electricity misses you.
The electric eel shoots out a bolt of lightning at you!
The bolt of electricity hits you!
Ashenzari invites you to partake of a vision and a curse of beguiling and devices.
Things that are here:
a +0 flail; an orc corpse You reach to attack!
You hit the two-headed ogre.
The two-headed ogre is lightly wounded.
The electric eel shoots out a bolt of lightning at you!
The bolt of electricity hits you!
You puncture the two-headed ogre! You headbutt the two-headed ogre.
The two-headed ogre is moderately wounded.
The two-headed ogre misses you.
The two-headed ogre hits you with a +0 giant club.
A jelly comes into view.
You hit the two-headed ogre.
You headbutt the two-headed ogre, but do no damage.
The two-headed ogre is moderately wounded.
The electric eel shoots out a bolt of lightning at you!
The bolt of electricity hits you!
The electric eel shoots out a bolt of lightning at you!
The bolt of electricity hits you!
You are too injured to fight recklessly!
As you read the scroll labelled GUNUZXINTOX, it crumbles to dust.
It is a scroll of identify.
E - a potion of curing The two-headed ogre hits you with a +0 giant club! x2
* * * LOW HITPOINT WARNING * * *
The electric eel shoots out a bolt of lightning at you!
The bolt of electricity hits you!
* * * LOW HITPOINT WARNING * * *
You feel better.
The two-headed ogre hits you with a +0 giant club!!
You die...

♣♣~~... ~~~~~♣
♣~~S..~ ~~~~~
♣~PP.J. P~P~
♣P~...P~~~
♣~~..~~~+ ♣P..♣S.#
#♣P...O.# #P♣).@..+
#.......# #.......#
#.......##+#
#...........
#............
######..#####./...
#...........#.[...
#.....#.....####+##


You could see a two-headed ogre, a jelly and 2 electric eels.

Vanquished Creatures
  Sigmund (D:5)
  2 water moccasins
  An ice beast (D:6)
  A sky beast (D:5)
  3 centaurs
  3 phantoms
  Blork the orc (D:4)
  A bullfrog (D:7)
  A scorpion (D:5)
  A jelly (D:6)
  2 hounds
  A gnoll bouda (D:5)
  An orc priest (D:6)
  Crazy Yiuf (D:4)
  3 iguanas (D:5)
  3 orc wizards
  Ijyb (D:3)
  5 gnolls (D:5)
  5 adders
  A shadow imp (D:5)
  3 ribbon worms
  2 dart slugs
  31 orcs
  6 bats
  3 endoplasms
  2 giant cockroaches
  5 goblins
  3 hobgoblins
  3 jackals (D:3)
  2 kobolds
  7 quokkas
  4 ball pythons
  5 frilled lizards
  5 rats
119 creatures vanquished.

Notes
Turn   | Place    | Note
-------+----------+-------------------------------------------
     0 | D:1      | Ritchie the Minotaur Fighter began the quest for the Orb.
     0 | D:1      | Reached XP level 1. HP: 19/19 MP: 0/0
   281 | D:1      | Reached XP level 2. HP: 27/27 MP: 1/1
   412 | D:1      | You fall into a shaft and drop 1 floor!
   611 | D:2      | Found a faded altar of an unknown god.
   729 | D:2      | Reached XP level 3. HP: 33/33 MP: 2/2
   881 | D:1      | Reached skill level 3 in Axes
  1632 | D:3      | Noticed Ijyb
  1637 | D:3      | Paralysed by Ijyb for 5 turns
  1643 | D:3      | Killed Ijyb
  1644 | D:3      | Reached XP level 4. HP: 27/40 MP: 3/3
  1707 | D:3      | Found a broken altar of Ashenzari.
  1752 | D:3      | Became a worshipper of Ashenzari the Shackled
  2037 | D:4      | Noticed Blork the orc
  2053 | D:4      | Killed Blork the orc
  2054 | D:4      | Reached skill level 4 in Axes
  2054 | D:4      | Reached XP level 5. HP: 10/47 MP: 4/4
  2608 | D:4      | Found a runed translucent door.
  2609 | D:4      | Noticed Crazy Yiuf
  2615 | D:4      | Killed Crazy Yiuf
  2616 | D:4      | Reached skill level 5 in Fighting
  2762 | D:4      | Reached skill level 5 in Armour
  2791 | D:4      | Found a staircase to the Ecumenical Temple.
  2800 | Temple   | Entered the Ecumenical Temple
  3064 | D:5      | Entered Level 5 of the Dungeon
  3064 | D:5      | Noticed Sigmund
  3080 | D:5      | Killed Sigmund
  3081 | D:5      | Reached skill level 5 in Axes
  3081 | D:5      | Reached skill level 1 in Dodging
  3081 | D:5      | Reached XP level 6. HP: 34/56 MP: 5/5
  3107 | D:5      | Reached skill level 6 in Axes
  3108 | D:5      | Noticed a sky beast
  3119 | D:5      | Killed a sky beast
  3120 | D:5      | Reached XP level 7. HP: 61/61 MP: 6/6
  3178 | D:5      | Reached skill level 7 in Axes
  3520 | D:5      | Reached XP level 8. HP: 39/70 MP: 7/7
  3619 | D:6      | Reached skill level 8 in Axes
  3716 | D:6      | Found a blossoming altar of Fedhas.
  3956 | D:6      | Reached skill level 9 in Axes
  4364 | D:7      | Noticed a two-headed ogre
  4371 | D:7      | Mangled by a two-headed ogre

Illustrated notes

Levels and vault maps discovered:
D:1:      saegor_arrival_miasma, layout_loops_corners,
          nicolae_figureground_sparkle
D:2:      layout_rooms, shapermc_ecumenical_altar_hornbeckon
D:3:      layout_basic, nicolae_ashenzari_panopticon, uniq_ijyb
D:4:      layout_loops_ring, minmay_temple_entry_enclosed_plants,
          uniq_blork_the_orc, uniq_crazy_yiuf_cottage
D:5:      layout_cave_pools, uniq_sigmund
D:6:      layout_gridville, nicolae_overflow_crystal_walls
D:7:      layout_gridville, nicolae_overflow_hidden_temple, nicolae_sextant,
          serial_bayou_ford_a
Temple:   regret_index_temple_generic_petals

Skill      XL: |  1  2  3  4  5  6  7  8 |
---------------+-------------------------+-----
Armour         | 4 5 6 7 |  7.1
Fighting       | 4 5 6 |  6.8
Shields        | 4 |  4.8
Axes           | 3 4 5 6 7 9 |  9.6
Dodging        | 1 2 3 |  3.1
Polearms       | |  0.5
Stealth        | |  0.5

Action                     |  1- 3 |  4- 6 |  7- 9 || total
---------------------------+-------+-------+-------++-------
  Melee: War axe           |    81 |    76 |   118 ||   275
         Headbutt          |    11 |     4 |    23 ||    38
         Trident           |       |       |    16 ||    16
    Use: Potion            |       |     5 |     1 ||     6
         Scroll            |       |       |     1 ||     1
 Armour: Scale mail        |    70 |    62 |   114 ||   246
  Dodge: Dodged            |    45 |    34 |    98 ||   177
  Block: Buckler           |    16 |    10 |    33 ||    59
